Pick #1

Connor Bedard
Pick #2

Leo Carlsson
Pick #3

Adam Fantilli
Pick #4

Matvei Michkov
Pick #5

David Reinbacher
Pick #6

William Smith
Pick #7

Zachary Benson
Pick #8

Ryan Leonard
Pick #9

Gabriel Perreault
Pick #10

Axel Sandin-Pellika
Pick #11

Daniil But
Pick #12

Dalibor Dvorsky
Pick #13

Quentin Musty
Pick #14

Brayden Yager
Pick #15

Dmitry Simashev
Pick #16

Colby Barlow
Pick #17

Andrew Cristall
Pick #18

Easton Cowan
Pick #19

Jacob Fowler
Pick #20

Oliver Moore
Pick #21

Oliver Bonk
Pick #22

Tom Willander
Pick #23

Calum Ritchie
Pick #24

Tanner Molendyk
Pick #25

Gavin Brindley
Pick #26

Nate Danielson
Pick #27

Pick #28

Pick #29

Pick #30

Pick #31

Pick #32

Pick #33

Pick #34

Pick #35

Pick #36

Pick #37

Pick #38

Pick #39

Pick #40

Pick #41

Pick #42

Pick #43

Pick #44

Pick #45

Pick #46

Pick #47

Pick #48

Pick #49

Pick #50

Pick #51

Pick #52

Pick #53

Pick #54

Pick #55

Pick #56

Pick #57

Pick #58

Pick #59

Pick #60

Pick #61

Pick #62

Pick #63

Pick #64

Pick #65

Pick #66

Pick #67

Pick #68

Pick #69

Pick #70

Pick #71

Pick #72

Pick #73

Pick #74

Pick #75

Pick #76

Pick #77

Pick #78

Pick #79

Pick #80

Pick #81

Pick #82

Pick #83

Pick #84

Pick #85

Pick #86

Pick #87

Pick #88

Pick #89

Pick #90

Pick #91

Pick #92

Pick #93

Pick #94

Pick #95

Pick #96

Pick #97

Pick #98

Pick #99

Pick #100

Pick #101

Pick #102

Pick #103

Pick #104

Pick #105

Pick #106

Pick #107

Pick #108

Pick #109

Pick #110

Pick #111

Pick #112

Pick #113

Pick #114

Pick #115

Pick #116

Pick #117

Pick #118

Pick #119

Pick #120

Pick #121

Pick #122

Pick #123

Pick #124

Pick #125

Pick #126

Pick #127

Pick #128

Pick #129

Pick #130

Full Scoreboard »»

Canadiens vs Stars

Created - January 11, 2024 at 20:24

Goals
1 2 3 T
Canadiens 1 0 1 2
Stars 0 2 2 4
Shots
1 2 3 T
Canadiens 14 10 9 33
Stars 5 9 16 30

GoalsPenalties
1st period
1. Canadiens , Lars Eller 7 (Alexander Kerfoot 9, Daniel Sprong 12) at 18:42
Marcus Pettersson (DAL) for Roughing (Double Minor) at 8:02
Timo Meier (DAL) for Elbowing (Minor) at 16:23
2nd period
2. Stars , Carter Verhaeghe 11 (Nazem Kadri 14, Nick Jensen 7) at 2:32
3. Stars , Timo Meier 22 (Sidney Crosby 24, MacKenzie Weegar 16) at 5:31
Vincent Trocheck (DAL) for Slashing (Minor) at 19:15
Adam Pelech (MTL) for Hooking (Minor) at 19:15
3rd period
4. Canadiens , Teuvo Teravainen 13 (Leon Draisaitl 13, Artturi Lehkonen 5) at 5:54
5. Stars , Carter Verhaeghe 12 (Nazem Kadri 15, Viktor Arvidsson 11) at 15:04
6. Stars , Dylan Larkin 10 (Elias Lindholm 12, Anton Lundell 5) at 19:48 (Empty Net)
Adam Pelech (MTL) for Hooking (Minor) at 2:28
Goalie Stats
Elvis Merzlikins (MTL), 26 saves from 29 shots - (0.897), L, 7-8-2, 59:39 minutes
Thatcher Demko (DAL), 31 saves from 33 shots - (0.939), W, 10-7-3, 60:00 minutes
3 StarsOfficial
1 - Carter Verhaeghe (DAL)
2 - MacKenzie Weegar (DAL)
3 - Nazem Kadri (DAL)
Referees : Michael Markovic and Kenny Anderson
Linesman : Jake Davis and Robb Harrell
Game Note
Dylan Larkin has scored in a empty net!
Finance
Level 1 -- Attendance: 3723 (62.05%) -- Ticket Income $651,525
Level 2 -- Attendance: 3215 (64.30%) -- Ticket Income $401,875
Level 3 -- Attendance: 1588 (79.40%) -- Ticket Income $188,972
Level 4 -- Attendance: 2754 (60.77%) -- Ticket Income $107,406
Luxury Box -- Attendance: 598 (59.80%) -- Ticket Income $179,400
Game was played at the American Airlines Center.
Total Attendance: 11878 (64.09%)
Total Ticket Income: $1,529,178
Other Income: $382,294
Total Income: $1,911,472



Team Name Goals Shots Shots Attemp Shots Blocked PIM HIT PP PK FO%
Canadiens 2337064230 / 3 (0%)052%
Stars 43055118290 / 1 (0%)048%

Canadiens
Player Name POS G A P +/- PIM HIT SHT SB MP PP MP PP SHT PK MP PK SHT FO% FOT
Adam PelechD0001450420:122:1100:0000% 0
Alex GoligoskiD000-2011123:282:4701:3200% 0
Alexander KerfootC0111032013:400:4900:25025% 4
Anthony ManthaRW000-100107:420:4900:0000% 0
Artturi LehkonenLW011-1011019:382:4701:340100% 1
Brendan GallagherRW000-100107:420:4910:0000% 0
Brendan GaunceC000-102006:530:0000:00070% 10
Daniel SprongRW0111000012:260:0000:00050% 2
Filip ForsbergLW000-1026017:502:2210:0000% 1
Jaccob SlavinD0000000024:252:2201:3400% 0
Lars EllerC1011032014:000:0001:34031% 13
Leon DraisaitlC011-2013019:442:4700:00061% 33
Pierre-Olivier JosephD0000020114:020:4900:1400% 0
Ryan O'ReillyC0000006018:092:2210:00048% 29
Ryan SuterD000-3011024:032:5800:3800% 0
Teuvo TeravainenLW101-1005019:172:4710:00040% 5
Trevor van RiemsdykD0000001013:480:4910:0000% 0
Valeri NichushkinRW000-1023019:012:2220:250100% 1
Stars
Player Name POS G A P +/- PIM HIT SHT SB MP PP MP PP SHT PK MP PK SHT FO% FOT
Anton LundellC011100008:350:0002:54057% 7
Carter VerhaegheC2022006114:000:5800:5100% 1
Dylan LarkinC1011027021:450:5812:02057% 7
Elias LindholmC0110001020:090:0003:05042% 26
Evan BouchardD0001020121:471:1800:0000% 0
Gustav ForslingD0001033122:081:1812:5200% 0
Jesper BrattLW000-1000017:341:0101:02067% 3
MacKenzie WeegarD0112051423:380:4112:5200% 0
Marcus PetterssonD0000430114:260:0000:0000% 0
Nazem KadriC0222020013:530:5800:00059% 27
Nick JensenD0110011117:330:0003:0600% 0
Rickard RakellRW000000104:520:0000:0000% 0
Sean DurziD0000010020:270:4103:0600% 0
Sidney CrosbyC0110012017:421:0100:00048% 23
Tanner PearsonLW000000004:520:0000:0000% 0
Timo MeierRW1010233218:561:0100:0000% 4
Viktor ArvidssonRW0112003012:110:0000:0000% 0
Vincent TrocheckC000-1262017:320:0002:0200% 1



Play-by-Play

1st period


0:01 of 1st period - Leon Draisaitl wins face-off versus Dylan Larkin in neutral zone.
0:10 of 1st period - Off-side.
0:11 of 1st period - Elias Lindholm wins face-off versus Ryan O'Reilly in neutral zone.
0:33 of 1st period - Icing by Ryan O'Reilly.
0:34 of 1st period - Nazem Kadri wins face-off versus Ryan O'Reilly in Canadiens zone.
0:39 of 1st period - Shot by Carter Verhaeghe.
0:39 of 1st period - Stopped by Elvis Merzlikins with a rebound.
0:52 of 1st period - Icing by Ryan Suter.
0:53 of 1st period - Ryan O'Reilly wins face-off versus Timo Meier in Canadiens zone.
1:36 of 1st period - Shot by Lars Eller.
1:36 of 1st period - Shot Misses the Net.
1:38 of 1st period - Shot by Alexander Kerfoot.
1:38 of 1st period - Deflect By Daniel Sprong.
1:38 of 1st period - Shot Misses the Net.
2:26 of 1st period - Sean Durzi is hit by Alexander Kerfoot and loses puck.
2:42 of 1st period - Icing by Trevor van Riemsdyk.
2:43 of 1st period - Nazem Kadri wins face-off versus Leon Draisaitl in Canadiens zone.
2:55 of 1st period - Off-side.
2:56 of 1st period - Brendan Gaunce wins face-off versus Anton Lundell in neutral zone.
3:24 of 1st period - Shot by Rickard Rakell.
3:24 of 1st period - Stopped by Elvis Merzlikins without a rebound.
3:25 of 1st period - Leon Draisaitl wins face-off versus Nazem Kadri in Canadiens zone.
3:50 of 1st period - Icing by Nick Jensen.
3:51 of 1st period - Brendan Gaunce wins face-off versus Nazem Kadri in Stars zone.
3:54 of 1st period - Shot by Anthony Mantha.
3:54 of 1st period - Stopped by Thatcher Demko without a rebound.
3:55 of 1st period - Elias Lindholm wins face-off versus Brendan Gaunce in Stars zone.
4:16 of 1st period - Shot by Elias Lindholm.
4:16 of 1st period - Deflect By Jesper Bratt.
4:16 of 1st period - Shot Misses the Net.
4:30 of 1st period - Shot by Vincent Trocheck.
4:30 of 1st period - Stopped by Elvis Merzlikins without a rebound.
4:31 of 1st period - Nazem Kadri wins face-off versus Leon Draisaitl in Canadiens zone.
5:45 of 1st period - Shot by Filip Forsberg.
5:45 of 1st period - Stopped by Thatcher Demko with a rebound.
5:51 of 1st period - Shot by Valeri Nichushkin.
5:51 of 1st period - Deflect By Filip Forsberg.
5:51 of 1st period - Stopped by Thatcher Demko without a rebound.
5:52 of 1st period - Elias Lindholm wins face-off versus Lars Eller in Stars zone.
5:54 of 1st period - Icing by Jesper Bratt.
5:55 of 1st period - Elias Lindholm wins face-off versus Daniel Sprong in Stars zone.
6:38 of 1st period - Shot by Alexander Kerfoot.
6:38 of 1st period - Stopped by Thatcher Demko without a rebound.
6:39 of 1st period - Anton Lundell wins face-off versus Ryan O'Reilly in Stars zone.
6:52 of 1st period - Shot by Rickard Rakell.
6:52 of 1st period - Shot Blocked by Adam Pelech.
7:06 of 1st period - Shot by Anton Lundell.
7:06 of 1st period - Shot Misses the Net.
7:39 of 1st period - Gustav Forsling is hit by Valeri Nichushkin and loses puck.
7:46 of 1st period - Shot by Gustav Forsling.
7:46 of 1st period - Shot Misses the Net.
7:54 of 1st period - Shot by Sidney Crosby.
7:54 of 1st period - Stopped by Elvis Merzlikins without a rebound.
7:55 of 1st period - Leon Draisaitl wins face-off versus Elias Lindholm in Canadiens zone.
7:55 of 1st period - Leon Draisaitl is hit by Vincent Trocheck.
8:02 of 1st period - Double Minor Penalty to Marcus Pettersson for Roughing.
8:03 of 1st period - Artturi Lehkonen wins face-off versus Elias Lindholm in Stars zone.
8:46 of 1st period - Shot by Teuvo Teravainen.
8:46 of 1st period - Shot Blocked by MacKenzie Weegar.
9:40 of 1st period - Shot by Jaccob Slavin.
9:40 of 1st period - Shot Blocked by MacKenzie Weegar.
9:44 of 1st period - Shot by Valeri Nichushkin.
9:44 of 1st period - Stopped by Thatcher Demko without a rebound.
9:45 of 1st period - Ryan O'Reilly wins face-off versus Dylan Larkin in Stars zone.
9:46 of 1st period - Shot by Jaccob Slavin.
9:46 of 1st period - Shot Misses the Net.
9:48 of 1st period - Shot by Jaccob Slavin.
9:48 of 1st period - Shot Blocked by Gustav Forsling.
9:50 of 1st period - Shot by Jaccob Slavin.
9:50 of 1st period - Shot Misses the Net.
9:52 of 1st period - Shot by Filip Forsberg.
9:52 of 1st period - Shot Misses the Net.
9:54 of 1st period - Shot by Ryan O'Reilly.
9:54 of 1st period - Stopped by Thatcher Demko with a rebound.
9:56 of 1st period - Shot by Ryan O'Reilly.
9:56 of 1st period - Shot Blocked by MacKenzie Weegar.
9:58 of 1st period - Shot by Filip Forsberg.
9:58 of 1st period - Shot Misses the Net.
10:00 of 1st period - Shot by Adam Pelech.
10:00 of 1st period - Shot Misses the Net.
10:51 of 1st period - Shot by Trevor van Riemsdyk.
10:51 of 1st period - Stopped by Thatcher Demko with a rebound.
11:03 of 1st period - Shot by Brendan Gallagher.
11:03 of 1st period - Stopped by Thatcher Demko with a rebound.
11:05 of 1st period - Shot by Alexander Kerfoot.
11:05 of 1st period - Shot Misses the Net.
11:21 of 1st period - Ryan O'Reilly is hit by Vincent Trocheck and loses puck.
11:30 of 1st period - Shot by Filip Forsberg.
11:30 of 1st period - Shot Blocked by Nick Jensen.
11:32 of 1st period - Shot by Valeri Nichushkin.
11:32 of 1st period - Stopped by Thatcher Demko without a rebound.
11:33 of 1st period - Leon Draisaitl wins face-off versus Elias Lindholm in Stars zone.
11:34 of 1st period - Shot by Teuvo Teravainen.
11:34 of 1st period - Stopped by Thatcher Demko without a rebound.
11:35 of 1st period - Elias Lindholm wins face-off versus Leon Draisaitl in Stars zone.
12:22 of 1st period - Icing by MacKenzie Weegar.
12:23 of 1st period - Nazem Kadri wins face-off versus Ryan O'Reilly in Stars zone.
13:06 of 1st period - Shot by Filip Forsberg.
13:06 of 1st period - Shot Misses the Net.
13:52 of 1st period - Alex Goligoski is hit by Sidney Crosby and loses puck.
14:16 of 1st period - Shot by Alexander Kerfoot.
14:16 of 1st period - Shot Misses the Net.
16:02 of 1st period - Shot by Ryan O'Reilly.
16:02 of 1st period - Stopped by Thatcher Demko without a rebound.
16:03 of 1st period - Anton Lundell wins face-off versus Leon Draisaitl in Stars zone.
16:11 of 1st period - Off-side.
16:12 of 1st period - Sidney Crosby wins face-off versus Teuvo Teravainen in neutral zone.
16:15 of 1st period - Ryan Suter is hit by Timo Meier and loses puck.
16:21 of 1st period - Icing by Ryan Suter.
16:22 of 1st period - Leon Draisaitl wins face-off versus Sidney Crosby in Canadiens zone.
16:22 of 1st period - Teuvo Teravainen is hit by Timo Meier and loses puck.
16:23 of 1st period - Minor Penalty to Timo Meier for Elbowing.
16:24 of 1st period - Elias Lindholm wins face-off versus Leon Draisaitl in Stars zone.
16:57 of 1st period - Shot by Artturi Lehkonen.
16:57 of 1st period - Shot Blocked by Carter Verhaeghe.
17:38 of 1st period - Shot by Filip Forsberg.
17:38 of 1st period - Stopped by Thatcher Demko without a rebound.
17:39 of 1st period - Dylan Larkin wins face-off versus Ryan O'Reilly in Stars zone.
17:47 of 1st period - Icing by Ryan Suter.
17:48 of 1st period - Ryan O'Reilly wins face-off versus Elias Lindholm in Canadiens zone.
17:57 of 1st period - Elias Lindholm is hit by Filip Forsberg and loses puck.
18:08 of 1st period - Shot by Valeri Nichushkin.
18:08 of 1st period - Shot Misses the Net.
18:31 of 1st period - Nick Jensen is hit by Pierre-Olivier Joseph and loses puck.
18:42 of 1st period - Shot by Lars Eller.
18:42 of 1st period - Goal by Lars Eller - Canadiens : 1 - Stars : 0.
18:43 of 1st period - Leon Draisaitl wins face-off versus Nazem Kadri in neutral zone.
18:48 of 1st period - Icing by Viktor Arvidsson.
18:49 of 1st period - Leon Draisaitl wins face-off versus Nazem Kadri in Stars zone.
18:50 of 1st period - Shot by Teuvo Teravainen.
18:50 of 1st period - Stopped by Thatcher Demko without a rebound.
18:51 of 1st period - Leon Draisaitl wins face-off versus Sidney Crosby in Stars zone.
19:04 of 1st period - Shot by Teuvo Teravainen.
19:04 of 1st period - Shot Blocked by Timo Meier.
19:24 of 1st period - Shot by Sidney Crosby.
19:24 of 1st period - Shot Misses the Net.
19:26 of 1st period - Shot by Sean Durzi.
19:26 of 1st period - Shot Misses the Net.
19:32 of 1st period - Shot by Dylan Larkin.
19:32 of 1st period - Stopped by Elvis Merzlikins without a rebound.
19:33 of 1st period - Ryan O'Reilly wins face-off versus Elias Lindholm in Canadiens zone.
19:33 of 1st period - Ryan O'Reilly is hit by Vincent Trocheck.
19:49 of 1st period - Shot by Ryan O'Reilly.
19:49 of 1st period - Deflect By Filip Forsberg.
19:49 of 1st period - Shot Misses the Net.
19:57 of 1st period - Shot by Valeri Nichushkin.
19:57 of 1st period - Shot Misses the Net.
Goals for this period are 1 for Canadiens vs 0 for Stars.
Shots for this period are 14 for Canadiens vs 5 for Stars.

2nd period


0:01 of 2nd period - Leon Draisaitl wins face-off versus Sidney Crosby in neutral zone.
0:20 of 2nd period - Shot by Teuvo Teravainen.
0:20 of 2nd period - Stopped by Thatcher Demko without a rebound.
0:21 of 2nd period - Lars Eller wins face-off versus Jesper Bratt in Stars zone.
0:45 of 2nd period - Alexander Kerfoot is hit by Sean Durzi and loses puck.
0:56 of 2nd period - Shot by Daniel Sprong.
0:56 of 2nd period - Shot Misses the Net.
0:58 of 2nd period - Shot by Daniel Sprong.
0:58 of 2nd period - Shot Misses the Net.
1:50 of 2nd period - Shot by Filip Forsberg.
1:50 of 2nd period - Shot Blocked by Evan Bouchard.
1:52 of 2nd period - Shot by Ryan O'Reilly.
1:52 of 2nd period - Stopped by Thatcher Demko without a rebound.
1:53 of 2nd period - Nazem Kadri wins face-off versus Teuvo Teravainen in Stars zone.
2:16 of 2nd period - Shot by Leon Draisaitl.
2:16 of 2nd period - Shot Misses the Net.
2:32 of 2nd period - Shot by Carter Verhaeghe.
2:32 of 2nd period - Goal by Carter Verhaeghe - Canadiens : 1 - Stars : 1.
2:33 of 2nd period - Sidney Crosby wins face-off versus Alexander Kerfoot in neutral zone.
2:33 of 2nd period - Sidney Crosby is hit by Alexander Kerfoot.
2:36 of 2nd period - MacKenzie Weegar is hit by Adam Pelech and loses puck.
2:41 of 2nd period - Shot by Sidney Crosby.
2:41 of 2nd period - Stopped by Elvis Merzlikins without a rebound.
2:42 of 2nd period - Sidney Crosby wins face-off versus Ryan O'Reilly in Canadiens zone.
2:45 of 2nd period - Shot by Dylan Larkin.
2:45 of 2nd period - Stopped by Elvis Merzlikins without a rebound.
2:46 of 2nd period - Sidney Crosby wins face-off versus Ryan O'Reilly in Canadiens zone.
2:52 of 2nd period - Sidney Crosby is hit by Alex Goligoski and loses puck.
2:58 of 2nd period - Timo Meier is hit by Ryan Suter and loses puck.
3:01 of 2nd period - Shot by Dylan Larkin.
3:01 of 2nd period - Stopped by Elvis Merzlikins without a rebound.
3:02 of 2nd period - Jesper Bratt wins face-off versus Leon Draisaitl in Canadiens zone.
3:27 of 2nd period - Shot by Vincent Trocheck.
3:27 of 2nd period - Shot Misses the Net.
4:19 of 2nd period - Shot by Ryan O'Reilly.
4:19 of 2nd period - Stopped by Thatcher Demko without a rebound.
4:20 of 2nd period - Nazem Kadri wins face-off versus Lars Eller in Stars zone.
4:29 of 2nd period - Shot by Nazem Kadri.
4:29 of 2nd period - Deflect By Viktor Arvidsson.
4:29 of 2nd period - Shot Misses the Net.
4:31 of 2nd period - Shot by Nick Jensen.
4:31 of 2nd period - Shot Misses the Net.
4:57 of 2nd period - Shot by Viktor Arvidsson.
4:57 of 2nd period - Stopped by Elvis Merzlikins without a rebound.
4:58 of 2nd period - Brendan Gaunce wins face-off versus Sidney Crosby in Canadiens zone.
5:08 of 2nd period - Alex Goligoski is hit by Evan Bouchard and loses puck.
5:31 of 2nd period - Shot by Timo Meier.
5:31 of 2nd period - Goal by Timo Meier - Canadiens : 1 - Stars : 2.
5:32 of 2nd period - Ryan O'Reilly wins face-off versus Elias Lindholm in neutral zone.
5:50 of 2nd period - Icing by Sean Durzi.
5:51 of 2nd period - Elias Lindholm wins face-off versus Lars Eller in Stars zone.
6:47 of 2nd period - Alex Goligoski is hit by Vincent Trocheck and loses puck.
7:35 of 2nd period - Icing by MacKenzie Weegar.
7:36 of 2nd period - Leon Draisaitl wins face-off versus Sidney Crosby in Stars zone.
8:06 of 2nd period - Shot by Leon Draisaitl.
8:06 of 2nd period - Shot Blocked by Timo Meier.
8:12 of 2nd period - Shot by Leon Draisaitl.
8:12 of 2nd period - Stopped by Thatcher Demko without a rebound.
8:13 of 2nd period - Brendan Gaunce wins face-off versus Nazem Kadri in Stars zone.
8:21 of 2nd period - Nazem Kadri is hit by Pierre-Olivier Joseph and loses puck.
8:44 of 2nd period - Shot by Viktor Arvidsson.
8:44 of 2nd period - Stopped by Elvis Merzlikins without a rebound.
8:45 of 2nd period - Anton Lundell wins face-off versus Ryan O'Reilly in Canadiens zone.
8:49 of 2nd period - Icing by Ryan Suter.
8:50 of 2nd period - Sidney Crosby wins face-off versus Ryan O'Reilly in Canadiens zone.
9:00 of 2nd period - Icing by MacKenzie Weegar.
9:01 of 2nd period - Sidney Crosby wins face-off versus Leon Draisaitl in Stars zone.
9:01 of 2nd period - Sidney Crosby is hit by Leon Draisaitl.
10:29 of 2nd period - Lars Eller is hit by Gustav Forsling and loses puck.
10:51 of 2nd period - Lars Eller is hit by Marcus Pettersson and loses puck.
11:01 of 2nd period - Rickard Rakell is hit by Filip Forsberg and loses puck.
11:10 of 2nd period - Shot by Anton Lundell.
11:10 of 2nd period - Shot Misses the Net.
11:18 of 2nd period - Shot by Ryan O'Reilly.
11:18 of 2nd period - Stopped by Thatcher Demko without a rebound.
11:19 of 2nd period - Elias Lindholm wins face-off versus Brendan Gaunce in Stars zone.
11:19 of 2nd period - Elias Lindholm is hit by Brendan Gaunce.
11:22 of 2nd period - Vincent Trocheck is hit by Brendan Gaunce and loses puck.
12:01 of 2nd period - Icing by Evan Bouchard.
12:02 of 2nd period - Ryan O'Reilly wins face-off versus Vincent Trocheck in Stars zone.
12:24 of 2nd period - Off-side.
12:25 of 2nd period - Sidney Crosby wins face-off versus Leon Draisaitl in neutral zone.
12:30 of 2nd period - Shot by Sidney Crosby.
12:30 of 2nd period - Shot Blocked by Alex Goligoski.
12:32 of 2nd period - Shot by Dylan Larkin.
12:32 of 2nd period - Shot Misses the Net.
12:34 of 2nd period - Shot by Gustav Forsling.
12:34 of 2nd period - Shot Misses the Net.
12:36 of 2nd period - Shot by Gustav Forsling.
12:36 of 2nd period - Stopped by Elvis Merzlikins without a rebound.
12:37 of 2nd period - Nazem Kadri wins face-off versus Ryan O'Reilly in Canadiens zone.
12:37 of 2nd period - Nazem Kadri is hit by Adam Pelech.
12:39 of 2nd period - Shot by Carter Verhaeghe.
12:39 of 2nd period - Stopped by Elvis Merzlikins without a rebound.
12:40 of 2nd period - Ryan O'Reilly wins face-off versus Sidney Crosby in Canadiens zone.
12:49 of 2nd period - Shot by Filip Forsberg.
12:49 of 2nd period - Shot Misses the Net.
12:51 of 2nd period - Shot by Filip Forsberg.
12:51 of 2nd period - Shot Misses the Net.
12:53 of 2nd period - Shot by Ryan Suter.
12:53 of 2nd period - Shot Misses the Net.
12:55 of 2nd period - Shot by Ryan Suter.
12:55 of 2nd period - Stopped by Thatcher Demko with a rebound.
12:59 of 2nd period - Shot by Filip Forsberg.
12:59 of 2nd period - Stopped by Thatcher Demko without a rebound.
13:00 of 2nd period - Nazem Kadri wins face-off versus Leon Draisaitl in Stars zone.
13:04 of 2nd period - MacKenzie Weegar is hit by Adam Pelech and loses puck.
13:24 of 2nd period - Shot by Leon Draisaitl.
13:24 of 2nd period - Stopped by Thatcher Demko without a rebound.
13:25 of 2nd period - Dylan Larkin wins face-off versus Alexander Kerfoot in Stars zone.
13:34 of 2nd period - Daniel Sprong is hit by Dylan Larkin.
14:03 of 2nd period - Icing by Dylan Larkin.
14:04 of 2nd period - Ryan O'Reilly wins face-off versus Timo Meier in Stars zone.
14:23 of 2nd period - Off-side.
14:24 of 2nd period - Leon Draisaitl wins face-off versus Elias Lindholm in neutral zone.
14:29 of 2nd period - Trevor van Riemsdyk is hit by Vincent Trocheck and loses puck.
14:57 of 2nd period - Icing by MacKenzie Weegar.
14:58 of 2nd period - Elias Lindholm wins face-off versus Ryan O'Reilly in Stars zone.
15:47 of 2nd period - Shot by Viktor Arvidsson.
15:47 of 2nd period - Deflect By Carter Verhaeghe.
15:47 of 2nd period - Shot Misses the Net.
17:23 of 2nd period - Timo Meier is hit by Lars Eller and loses puck.
17:38 of 2nd period - Nick Jensen is hit by Lars Eller and loses puck.
18:13 of 2nd period - Icing by Nick Jensen.
18:14 of 2nd period - Brendan Gaunce wins face-off versus Sidney Crosby in Stars zone.
19:03 of 2nd period - Off-side.
19:04 of 2nd period - Leon Draisaitl wins face-off versus Elias Lindholm in neutral zone.
19:13 of 2nd period - Vincent Trocheck is hit by Adam Pelech and loses puck.
19:15 of 2nd period - Minor Penalty to Vincent Trocheck for Slashing.
19:15 of 2nd period - Minor Penalty to Adam Pelech for Hooking.
19:16 of 2nd period - Leon Draisaitl wins face-off versus Elias Lindholm in Canadiens zone.
19:49 of 2nd period - Shot by Leon Draisaitl.
19:49 of 2nd period - Stopped by Thatcher Demko without a rebound.
19:50 of 2nd period - Ryan O'Reilly wins face-off versus Elias Lindholm in Stars zone.
19:50 of 2nd period - Ryan O'Reilly is hit by MacKenzie Weegar.
19:52 of 2nd period - Shot by Alex Goligoski.
19:52 of 2nd period - Shot Misses the Net.
19:54 of 2nd period - Shot by Alex Goligoski.
19:54 of 2nd period - Stopped by Thatcher Demko without a rebound.
19:55 of 2nd period - Ryan O'Reilly wins face-off versus Elias Lindholm in Stars zone.
Goals for this period are 0 for Canadiens vs 2 for Stars.
Shots for this period are 10 for Canadiens vs 9 for Stars.

3rd period


0:01 of 3rd period - Ryan O'Reilly wins face-off versus Dylan Larkin in neutral zone.
0:11 of 3rd period - Icing by Gustav Forsling.
0:12 of 3rd period - Leon Draisaitl wins face-off versus Timo Meier in Stars zone.
0:12 of 3rd period - Jaccob Slavin is hit by Evan Bouchard.
0:50 of 3rd period - Shot by Dylan Larkin.
0:50 of 3rd period - Stopped by Elvis Merzlikins without a rebound.
0:51 of 3rd period - Dylan Larkin wins face-off versus Ryan O'Reilly in Canadiens zone.
1:22 of 3rd period - Daniel Sprong is hit by Marcus Pettersson and loses puck.
1:55 of 3rd period - Shot by Alexander Kerfoot.
1:55 of 3rd period - Stopped by Thatcher Demko without a rebound.
1:56 of 3rd period - Nazem Kadri wins face-off versus Leon Draisaitl in Stars zone.
2:13 of 3rd period - Shot by Artturi Lehkonen.
2:13 of 3rd period - Stopped by Thatcher Demko without a rebound.
2:14 of 3rd period - Ryan O'Reilly wins face-off versus Anton Lundell in Stars zone.
2:28 of 3rd period - Minor Penalty to Adam Pelech for Hooking.
2:29 of 3rd period - Lars Eller wins face-off versus Sidney Crosby in Canadiens zone.
3:26 of 3rd period - Icing by Dylan Larkin.
3:27 of 3rd period - Nazem Kadri wins face-off versus Alexander Kerfoot in Stars zone.
3:27 of 3rd period - Nazem Kadri is hit by Valeri Nichushkin.
3:33 of 3rd period - Shot by MacKenzie Weegar.
3:33 of 3rd period - Stopped by Elvis Merzlikins without a rebound.
3:34 of 3rd period - Nazem Kadri wins face-off versus Lars Eller in Canadiens zone.
3:48 of 3rd period - Shot by Sean Durzi.
3:48 of 3rd period - Shot Misses the Net.
3:58 of 3rd period - Shot by Nazem Kadri.
3:58 of 3rd period - Deflect By Dylan Larkin.
3:58 of 3rd period - Stopped by Elvis Merzlikins without a rebound.
3:59 of 3rd period - Alexander Kerfoot wins face-off versus Timo Meier in Canadiens zone.
4:10 of 3rd period - Shot by Gustav Forsling.
4:10 of 3rd period - Stopped by Elvis Merzlikins without a rebound.
4:11 of 3rd period - Lars Eller wins face-off versus Carter Verhaeghe in Canadiens zone.
4:11 of 3rd period - Lars Eller is hit by Nazem Kadri.
4:26 of 3rd period - Icing by Nazem Kadri.
4:27 of 3rd period - Dylan Larkin wins face-off versus Lars Eller in Stars zone.
4:42 of 3rd period - Shot by Valeri Nichushkin.
4:42 of 3rd period - Stopped by Thatcher Demko without a rebound.
4:43 of 3rd period - Brendan Gaunce wins face-off versus Nazem Kadri in Stars zone.
5:10 of 3rd period - Icing by Brendan Gallagher.
5:11 of 3rd period - Elias Lindholm wins face-off versus Brendan Gaunce in Canadiens zone.
5:54 of 3rd period - Shot by Teuvo Teravainen.
5:54 of 3rd period - Goal by Teuvo Teravainen - Canadiens : 2 - Stars : 2.
5:55 of 3rd period - Nazem Kadri wins face-off versus Lars Eller in neutral zone.
6:26 of 3rd period - Evan Bouchard is hit by Lars Eller and loses puck.
6:59 of 3rd period - Shot by Sidney Crosby.
6:59 of 3rd period - Shot Blocked by Adam Pelech.
7:22 of 3rd period - Icing by Nick Jensen.
7:23 of 3rd period - Ryan O'Reilly wins face-off versus Sidney Crosby in Stars zone.
7:23 of 3rd period - Valeri Nichushkin is hit by Marcus Pettersson and loses puck.
8:06 of 3rd period - Shot by Filip Forsberg.
8:06 of 3rd period - Stopped by Thatcher Demko without a rebound.
8:07 of 3rd period - Teuvo Teravainen wins face-off versus Elias Lindholm in Stars zone.
8:07 of 3rd period - Artturi Lehkonen is hit by MacKenzie Weegar and loses puck.
8:15 of 3rd period - Teuvo Teravainen is hit by MacKenzie Weegar and loses puck.
8:30 of 3rd period - Artturi Lehkonen is hit by Vincent Trocheck and loses puck.
8:34 of 3rd period - Icing by Adam Pelech.
8:35 of 3rd period - Anton Lundell wins face-off versus Leon Draisaitl in Canadiens zone.
8:51 of 3rd period - Tanner Pearson is hit by Adam Pelech and loses puck.
9:46 of 3rd period - Icing by Alex Goligoski.
9:47 of 3rd period - Nazem Kadri wins face-off versus Filip Forsberg in Canadiens zone.
9:54 of 3rd period - Shot by Nick Jensen.
9:54 of 3rd period - Stopped by Elvis Merzlikins without a rebound.
9:55 of 3rd period - Elias Lindholm wins face-off versus Lars Eller in Canadiens zone.
10:19 of 3rd period - Shot by Vincent Trocheck.
10:19 of 3rd period - Stopped by Elvis Merzlikins without a rebound.
10:20 of 3rd period - Nazem Kadri wins face-off versus Leon Draisaitl in Canadiens zone.
10:31 of 3rd period - Shot by Nazem Kadri.
10:31 of 3rd period - Shot Misses the Net.
10:33 of 3rd period - Shot by Carter Verhaeghe.
10:33 of 3rd period - Stopped by Elvis Merzlikins without a rebound.
10:34 of 3rd period - Valeri Nichushkin wins face-off versus Sidney Crosby in Canadiens zone.
10:34 of 3rd period - Valeri Nichushkin is hit by Timo Meier.
11:17 of 3rd period - Shot by Timo Meier.
11:17 of 3rd period - Stopped by Elvis Merzlikins without a rebound.
11:18 of 3rd period - Leon Draisaitl wins face-off versus Elias Lindholm in Canadiens zone.
11:49 of 3rd period - Shot by Leon Draisaitl.
11:49 of 3rd period - Shot Misses the Net.
12:02 of 3rd period - Artturi Lehkonen is hit by Gustav Forsling and loses puck.
12:28 of 3rd period - Nick Jensen is hit by Alexander Kerfoot and loses puck.
12:39 of 3rd period - Shot by Lars Eller.
12:39 of 3rd period - Stopped by Thatcher Demko without a rebound.
12:40 of 3rd period - Sidney Crosby wins face-off versus Ryan O'Reilly in Stars zone.
12:42 of 3rd period - Icing by Evan Bouchard.
12:43 of 3rd period - Ryan O'Reilly wins face-off versus Sidney Crosby in Stars zone.
12:57 of 3rd period - Shot by Dylan Larkin.
12:57 of 3rd period - Stopped by Elvis Merzlikins without a rebound.
12:58 of 3rd period - Leon Draisaitl wins face-off versus Nazem Kadri in Canadiens zone.
13:05 of 3rd period - Shot by Teuvo Teravainen.
13:05 of 3rd period - Stopped by Thatcher Demko without a rebound.
13:06 of 3rd period - Leon Draisaitl wins face-off versus Nazem Kadri in Stars zone.
13:06 of 3rd period - Leon Draisaitl is hit by MacKenzie Weegar.
13:16 of 3rd period - Shot by Nazem Kadri.
13:16 of 3rd period - Deflect By Viktor Arvidsson.
13:16 of 3rd period - Stopped by Elvis Merzlikins without a rebound.
13:17 of 3rd period - Daniel Sprong wins face-off versus Sidney Crosby in Canadiens zone.
13:34 of 3rd period - Shot by Ryan Suter.
13:34 of 3rd period - Shot Misses the Net.
13:45 of 3rd period - Lars Eller is hit by Gustav Forsling and loses puck.
13:49 of 3rd period - Icing by Gustav Forsling.
13:50 of 3rd period - Sidney Crosby wins face-off versus Teuvo Teravainen in Stars zone.
13:50 of 3rd period - Sidney Crosby is hit by Artturi Lehkonen.
13:59 of 3rd period - Icing by Artturi Lehkonen.
14:00 of 3rd period - Leon Draisaitl wins face-off versus Nazem Kadri in Canadiens zone.
14:00 of 3rd period - Artturi Lehkonen is hit by Nazem Kadri.
14:03 of 3rd period - Off-side.
14:04 of 3rd period - Jesper Bratt wins face-off versus Ryan O'Reilly in neutral zone.
14:41 of 3rd period - Off-side.
14:42 of 3rd period - Leon Draisaitl wins face-off versus Nazem Kadri in neutral zone.
15:02 of 3rd period - Shot by Viktor Arvidsson.
15:02 of 3rd period - Shot Misses the Net.
15:04 of 3rd period - Shot by Nazem Kadri.
15:04 of 3rd period - Deflect By Carter Verhaeghe.
15:04 of 3rd period - Goal by Carter Verhaeghe - Canadiens : 2 - Stars : 3.
15:05 of 3rd period - Brendan Gaunce wins face-off versus Anton Lundell in neutral zone.
15:20 of 3rd period - Shot by Anton Lundell.
15:20 of 3rd period - Shot Blocked by Pierre-Olivier Joseph.
15:40 of 3rd period - Shot by Brendan Gallagher.
15:40 of 3rd period - Shot Misses the Net.
15:42 of 3rd period - Shot by Trevor van Riemsdyk.
15:42 of 3rd period - Shot Hit the Post.
15:44 of 3rd period - Shot by Trevor van Riemsdyk.
15:44 of 3rd period - Shot Misses the Net.
15:49 of 3rd period - Anthony Mantha is hit by Nick Jensen and loses puck.
16:02 of 3rd period - Shot by Ryan O'Reilly.
16:02 of 3rd period - Stopped by Thatcher Demko with a rebound.
16:16 of 3rd period - Shot by Valeri Nichushkin.
16:16 of 3rd period - Shot Misses the Net.
16:18 of 3rd period - Shot by Ryan O'Reilly.
16:18 of 3rd period - Shot Blocked by Marcus Pettersson.
16:26 of 3rd period - Shot by Filip Forsberg.
16:26 of 3rd period - Stopped by Thatcher Demko without a rebound.
16:27 of 3rd period - Lars Eller wins face-off versus Elias Lindholm in Stars zone.
16:29 of 3rd period - Alexander Kerfoot is hit by MacKenzie Weegar and loses puck.
17:00 of 3rd period - Shot by Jesper Bratt.
17:00 of 3rd period - Shot Blocked by Adam Pelech.
17:02 of 3rd period - Shot by Elias Lindholm.
17:02 of 3rd period - Shot Misses the Net.
17:12 of 3rd period - Shot by Elias Lindholm.
17:12 of 3rd period - Deflect By Vincent Trocheck.
17:12 of 3rd period - Shot Misses the Net.
17:19 of 3rd period - Icing by Jaccob Slavin.
17:20 of 3rd period - Nazem Kadri wins face-off versus Lars Eller in Canadiens zone.
17:21 of 3rd period - Shot by Gustav Forsling.
17:21 of 3rd period - Stopped by Elvis Merzlikins without a rebound.
17:22 of 3rd period - Nazem Kadri wins face-off versus Leon Draisaitl in Canadiens zone.
17:45 of 3rd period - Shot by Carter Verhaeghe.
17:45 of 3rd period - Stopped by Elvis Merzlikins without a rebound.
17:46 of 3rd period - Sidney Crosby wins face-off versus Ryan O'Reilly in Canadiens zone.
17:57 of 3rd period - Shot by Timo Meier.
17:57 of 3rd period - Shot Misses the Net.
17:59 of 3rd period - Shot by Timo Meier.
17:59 of 3rd period - Stopped by Elvis Merzlikins without a rebound.
18:00 of 3rd period - Teuvo Teravainen wins face-off versus Nazem Kadri in Canadiens zone.
19:17 of 3rd period - Shot by Anton Lundell.
19:17 of 3rd period - Shot Misses the Net.
19:19 of 3rd period - Shot by MacKenzie Weegar.
19:19 of 3rd period - Shot Blocked by Adam Pelech.
19:21 of 3rd period - Shot by Elias Lindholm.
19:21 of 3rd period - Stopped by Elvis Merzlikins without a rebound.
19:22 of 3rd period - Leon Draisaitl wins face-off versus Elias Lindholm in Canadiens zone.
19:27 of 3rd period - Canadiens, Elvis Merzlikins is pulled from the net.
19:27 of 3rd period - Shot by Jaccob Slavin.
19:27 of 3rd period - Shot Blocked by MacKenzie Weegar.
19:35 of 3rd period - Ryan Suter is hit by Dylan Larkin and loses puck.
19:48 of 3rd period - Shot by Dylan Larkin.
19:48 of 3rd period - Goal by Dylan Larkin - Canadiens : 2 - Stars : 4.
19:48 of 3rd period - Elvis Merzlikins from Canadiens was sent back in the game.
19:49 of 3rd period - Sidney Crosby wins face-off versus Lars Eller in neutral zone.
Goals for this period are 1 for Canadiens vs 2 for Stars.
Shots for this period are 9 for Canadiens vs 16 for Stars.